 Dungeon Crawl Stone Soup version 0.22-a0-433-gd2a9cce (webtiles) character file.

4 Gorglomux the Ducker (level 1, 0/11 HPs)
             Began as a Spriggan Berserker on May 27, 2018.
             Slain by a jackal (3 damage)
             ... on level 1 of the Dungeon.
             The game lasted 00:00:38 (204 turns).

Gorglomux the Ducker (Spriggan Berserker)            Turns: 204, Time: 00:00:38

Health: 0/11       AC: -1    Str: 13    XL:     1   Next: 58%
Magic:  2/2        EV: 19    Int:  8    God:
Gold:   0          SH:  0    Dex: 15    Spells: 0/0 levels left

rFire    . . .     SeeInvis +   a - +0 short sword
rCold    . . .     Gourm    .   (shield restricted)
rNeg     . . .     Faith    .   b - +0 animal skin
rPois    .         Spirit   .   (helmet restricted)
rElec    .         Reflect  .   (no cloak)
rCorr    .         Harm     .   (gloves unavailable)
MR       .....                  (boots unavailable)
Stlth    ++........             (no amulet)
HPRegen  0.03/turn              e - -3 ring of protection (curse)
MPRegen  0.08/turn              (no ring)

@: very quick
A: very small, unfitting armour, see invisible, herbivore, speed 3, slow
metabolism 2
a: no special abilities


You were on level 1 of the Dungeon.
You were not hungry.

You visited 1 branch of the dungeon, and saw 1 of its levels.

Inventory:

Hand Weapons
 a - a +0 short sword (weapon)
Missiles
 h - 44 stones (quivered)
Armour
 b - a +0 animal skin (worn)
Jewellery
 e - a cursed -3 ring of protection (left hand)
Scrolls
 f - a scroll of blinking {unknown}
Potions
 d - a potion of magic {unknown}
 g - a potion of curing {unknown}
Comestibles
 c - 2 rations


   Skills:
 - Level 2.4 Fighting
 - Level 3.2 Short Blades
 - Level 4.4 Dodging
 + Level 2.1 Stealth


You couldn't memorise any spells.
You didn't know any spells.
Your spell library was empty.

Dungeon Overview and Level Annotations

Branches:
Dungeon (1/15)

Altars:


Innate Abilities, Weirdness & Mutations

You are very small and have problems with some larger weapons.
You are too small for most types of armour.
You have supernaturally acute eyesight. (SInv)
You are a herbivore.
You cover ground extremely quickly.
You need to consume almost no food.


Message History

The jackal misses you! The jackal barely misses you!
Butt (i - butt)
h - 46 stones (quivered)
Press: ? - help, Shift-Butt - straight line, f - jackal
Aim: a jackal (severely butt)
You throw a stone! The stone hits the jackal!
The jackal is almost dead!
The jackal misses you!
Throwing (i - inventory)
h - 45 stones (quivered)
Press: ? - help, Shift-Dir - straight line, f/p - jackal
Aim: a jackal (almost dead)
You throw a stone! The stone closely misses the butt!
The jackal butt-ly misses you!
You stick the jackal but do no damage!
The jackal is almost dead!
The jackal bites you! * * * don't die
* * * You closely miss the jackal!
The jackal is almost dead!
The jackal bites you! rip

#.....# ..#
[.....#### #†#
#........# #.#
.........### #h#
#.†.^..>...## #h#
#...†.#.....## #.#
#.....####...#####(#
####### #.....>##h#
###..#.@hh#
#########


You could see 3 jackals.

Vanquished Creatures
  A leopard gecko (D:1)
  2 frilled lizards (D:1)
  2 rats (D:1)
5 creatures vanquished.

Notes
Turn   | Place    | Note
-------+----------+-------------------------------------------
     0 | D:1      | Gorglomux the Spriggan Berserker began the quest for the Orb.
     0 | D:1      | Reached XP level 1. HP: 11/11 MP: 2/2
     0 | D:1      | Fell from the grace of Trog
    60 | D:1      | Reached skill level 1 in Stealth
   204 | D:1      | Slain by a jackal

Vault maps used:
D:1:      minmay_arrival_hallway, feat_on_display

Skill      XL: |  1 |
---------------+----+-----
Stealth        | 2 |  2.1
Fighting       | |  2.4
Short Blades   | |  3.2
Dodging        | |  4.4

Action                   || total
-------------------------++-------
Melee: Short sword       ||    12
Throw: Stone             ||     2
Invok: Renounce Religion ||     1
Dodge: Dodged            ||     7

Table legend:
 A = Spawn XP
 B = Non-spawn XP
 C = Spawn XP percentage of total XP
 D = Spawn monster count
 E = Non-spawn monster count
 F = Spawn count percentage of total count
 G = Total turns spent on level
                    A         B        C        D         E        F      G
               +---------+---------+-------+---------+---------+-------+---------
         Total |       0 |       7 |   0.0 |       0 |       5 |   0.0 |   204
               +---------+---------+-------+---------+---------+-------+---------
           D:1 |       0 |       7 |   0.0 |       0 |       5 |   0.0 |   204
               +---------+---------+-------+---------+---------+-------+---------
